 Dungeon Crawl Stone Soup version 0.15-a0-1675-g4580af5 (console) character file.

748 Mac the Ruffian (level 7, -3/66 HPs)
             Began as a Troll Fighter on June 23, 2014.
             Was a Believer of Cheibriados.
             Slain by a worm (10 damage)
             ... on Level 5 of the Dungeon.
             The game lasted 00:07:14 (1351 turns).

Mac the Ruffian (Troll Fighter)                     Turns: 1351, Time: 00:07:14

HP  -3/66        AC  5     Str 36      XL: 7   Next: 48%
MP   0/8         EV 10     Int  8      God: Cheibriados [**....]
Gold 137         SH  0     Dex 13      Spells:  0 memorised,  6 levels left

rFire  + . .     SeeInvis .       - Unarmed
rCold  + . .     Clarity  .     r - +0 robe {rC+ rF+}
rNeg   . . .     rCorr    .     (shield restricted)
rPois  .         rRot     .     (helmet restricted)
rElec  .         Spirit   +     (no cloak)
SustAb .         Warding  .     (gloves unavailable)
rMut   .         Stasis   .     (boots unavailable)
Gourm  +                        p - cursed amulet of guardian spirit
MR     .....                    (no ring)
                                (no ring)

@: mighty, very slow, not resistant to hostile enchantments, very unstealthy
A: unfitting armour, claws 3, fast metabolism 3, gourmand, regeneration 2,
saprovore 2, shaggy fur 1, tough skin 2
a: Bend Time, Renounce Religion


You were on level 5 of the Dungeon.
You worshipped Cheibriados.
Cheibriados was pleased with you.
You were not hungry.

You visited 1 branch of the dungeon, and saw 5 of its levels.
You also visited: Ossuary.

You collected 137 gold pieces.

Inventory:

Armour
 b - a cursed +0 robe
 c - a cursed +0 shield
 h - a +0 robe
 n - a cursed +0 robe
 r - a +0 robe of resistance (worn)
Magical devices
 q - a wand of slowing (8)
Comestibles
 o - a bread ration
Scrolls
 d - 2 scrolls of recharging {unknown}
 f - a scroll of amnesia {unknown}
 g - a scroll of magic mapping {unknown}
 i - 7 scrolls of identify {unknown}
 j - 4 scrolls of remove curse {unknown}
 k - a scroll of noise {unknown}
 l - 3 scrolls of teleportation {unknown}
 s - a scroll of immolation {unknown}
Jewellery
 p - a cursed amulet of guardian spirit (around neck)
Potions
 a - a potion of confusion {unknown}
 m - 3 potions of curing
 t - a potion of paralysis {unknown}
 u - a potion of degeneration {unknown}
 v - 2 potions of flight {unknown}


   Skills:
 - Level 2.4 Fighting
 - Level 2.4 Dodging
 - Level 2.4 Shields
 * Level 6.9 Unarmed Combat
 + Level 4.4 Invocations


You had 6 spell levels left.
You didn't know any spells.

Dungeon Overview and Level Annotations

Branches:
Dungeon (5/15)
 Temple: D:4-7

Altars:
Cheibriados
Makhleb
Vehumet

Annotations:
D:3 Mac's ghost, weakling TrFi
D:5 Natasha


Innate Abilities, Weirdness & Mutations

You are too large for most types of armour.
You have claws for hands.
Your metabolism is lightning-fast.
You like to eat raw meat.
You heal very quickly.
You can eat rotten meat.
You are covered in fur (AC +1).
You have very tough skin (AC +2).


Message History

Natasha zaps a wand.
Some rock shatters into small pieces.
Things that are here:
a flail; a club; a gnoll corpse You claw the gnoll!
The gnoll begins to bleed from its wounds!
Your punch misses the gnoll.
The gnoll is almost dead.
The gnoll misses you.
You closely miss the gnoll.
The gnoll is almost dead.
The gnoll hits you with a halberd!
* * * LOW HITPOINT WARNING * * *
The worm bites you but does no damage.
You claw the gnoll!
You kill the gnoll!
Cheibriados appreciates the change of pace.
Natasha casts a spell.
The shadow imp disappears in a puff of smoke!
The worm bites you!
You die...

.......#.#....###..
####.#.#...#.....#...
#.........(ยงยง...<....
#........####..#.##..
#....................
######g.######.......
##5..# #....#.# #hw#.#
#......# #@## #
#......# #.## #......#
#.# #......# ## # # #


You could see a worm, Natasha, a gnoll and a white imp.

Vanquished Creatures
  Eustachio (D:4)
  Blork the orc (D:4)
  2 elf zombies (Ossuary)
  The ghost of Mac the Ruffian, a weakling TrBe of Trog (D:4)
  A scorpion (D:5)
  A crimson imp (D:5)
  2 orc wizards
  A worker ant (D:5)
  2 big kobold zombies (Ossuary)
  3 mummies
  Terence (D:2)
  5 gnolls
  A shadow imp (D:5)
  A white imp (D:5)
  An adder zombie (Ossuary)
  6 orcs
  8 goblins
  4 hobgoblins
  2 quokkas
  3 bats
  A goblin zombie (Ossuary)
  10 hobgoblin zombies (Ossuary)
  2 jackal zombies (Ossuary)
  4 kobolds
  9 kobold zombies (Ossuary)
  9 orc zombies (Ossuary)
  5 rats
  A rat zombie (Ossuary)
88 creatures vanquished.

Notes
Turn   | Place    | Note
--------------------------------------------------------------
     0 | D:1      | Mac, the Troll Fighter, began the quest for the Orb.
     0 | D:1      | Reached XP level 1. HP: 22/22 MP: 1/1
   167 | D:2      | Found a burning altar of Makhleb.
   184 | D:2      | Reached XP level 2. HP: 25/29 MP: 1/1
   236 | D:2      | Noticed Terence
   242 | D:2      | Killed Terence
   242 | D:2      | Reached skill level 3 in Unarmed Combat
   318 | D:1      | Reached XP level 3. HP: 36/36 MP: 2/2
   385 | D:3      | Noticed Mac's ghost (weakling TrFi)
   493 | D:4      | Reached skill level 4 in Unarmed Combat
   539 | D:4      | Noticed Mac's ghost (weakling TrBe)
   657 | D:4      | Killed Mac's ghost
   657 | D:4      | Reached skill level 5 in Unarmed Combat
   657 | D:4      | Reached XP level 4. HP: 9/44 MP: 2/2
   698 | D:3      | Found a radiant altar of Vehumet.
   755 | D:4      | Found a snail-covered altar of Cheibriados.
   775 | D:4      | Reached XP level 5. HP: 50/50 MP: 2/2
   782 | D:4      | Became a worshipper of Cheibriados the Contemplative
   796 | D:5      | Entered Level 5 of the Dungeon
   796 | D:5      | Noticed Blork the orc
   798 | D:5      | Noticed Eustachio
   810 | D:4      | Killed Blork the orc
   816 | D:4      | Killed Eustachio
   816 | D:4      | Reached XP level 6. HP: 35/59 MP: 0/7
  1007 | D:5      | Found a sand-covered staircase.
  1015 | D:5      | Reached skill level 6 in Unarmed Combat
  1037 | Ossuary  | Entered an ossuary
  1102 | Ossuary  | Reached XP level 7. HP: 66/66 MP: 8/8
  1311 | D:5      | Noticed Natasha
  1351 | D:5      | Slain by a worm

Action                   |  1- 3 |  4- 6 |  7- 9 || total
-------------------------+-------+-------+-------++-------
Melee: Unarmed           |    83 |    94 |    83 ||   260
  Use: Potion            |       |       |     2 ||     2
